Map: Jagannatha LE

Players

Scarlett

  • Race: Zerg Zerg

Neeb - Winner!

  • Race: Protoss Protoss

Event: DreamHack SC2 Masters 2021 Summer

VOD

Have the link to the VOD?

Description

Time

  • Played on: May 29, 2021, 5:54 p.m.
  • Length: 4:55

All games in this series

Show
View Real Time Build Order
Export as new Build Order

Scarlett Zerg 

Build Orders: Hatch First 

Get SALT Encoding   

  12  0:00  Drone  
  13  0:14  Overlord  
  13  0:17  Drone  
  14  0:32  Drone x2  
  16  0:43  Drone  
  17  0:51  Hatchery  
  17  0:56  Drone  
  17  0:59  Drone  
  18  1:09  Extractor  
  17  1:14  Spawning Pool  
  17  1:16  Drone  
  17  1:20  Drone  
  18  1:29  Drone  
  19  1:40  Drone  
  20  1:51  Drone  
  21  2:02  Queen, Overlord  
  21  2:04  Queen  
  21  2:06  Drone  
  26  2:11  Metabolic Boost  
  26  2:13  Zergling x2  
  26  2:15  Drone  
  28  2:24  Drone  
  28  2:25  Drone  
  30  2:35  Zergling x2  
  31  2:37  Drone  
  31  2:43  Hatchery  
  31  2:46  Overlord  
  31  2:50  Queen  
  33  2:56  Drone x2  
  35  3:05  Drone  
  36  3:06  Queen  
  36  3:07  Drone  
  36  3:12  Drone x4  
  43  3:18  Overlord  
  43  3:29  Drone  
  44  3:36  Roach Warren, Queen  
  44  3:37  Drone  
  44  3:41  Drone  
  47  3:45  Drone x5  
  52  3:51  Overlord  
  52  3:56  Drone, Zergling x2  
  52  3:57  Spine Crawler  
  52  4:00  Zergling x2  
  52  4:01  Zergling x4  
  56  4:09  Overlord  
  56  4:18  Zergling x14  
  63  4:25  Overlord  
  63  4:30  Roach x2  
  67  4:35  Roach x4  
Show
View Real Time Build Order
Export as new Build Order

Neeb Protoss - Winner!

Build Orders: 1 Gate Expand, Mass Adepts 

Get SALT Encoding   

  12  0:00  Probe  
  13  0:12  Probe  
  14  0:20  Pylon  
  14  0:24  Probe  
  15  0:38  Probe (Chrono Boost)  
  15  0:40  Gateway  
  16  0:47  Probe (Chrono Boost)  
  17  0:50  Assimilator  
  17  0:52  Probe (Chrono Boost)  
  18  1:04  Probe  
  19  1:16  Probe  
  20  1:26  Nexus  
  20  1:37  Cybernetics Core  
  20  1:39  Probe  
  21  1:45  Assimilator  
  21  1:51  Probe  
  22  1:55  Pylon  
  22  2:04  Probe (Chrono Boost)  
  23  2:10  Adept (Chrono Boost)  
  23  2:14  Warp Gate  
  23  2:15  Probe (Chrono Boost)  
  26  2:19  Probe (Chrono Boost)  
  27  2:24  Twilight Council  
  27  2:30  Probe  
  27  2:33  Adept  
  30  2:38  Probe  
  30  2:42  Probe  
  32  2:48  Robotics Facility  
  32  2:54  Gateway  
  32  3:06  Gateway  
  32  3:08  Gateway  
  32  3:10  Probe  
  32  3:12  Probe, Resonating Glaives (Chrono Boost)  
  34  3:21  Adept  
  34  3:24  Probe  
  34  3:25  Probe  
  38  3:32  Warp Prism (Chrono Boost)  
  38  3:39  Pylon  
  40  3:42  Probe  
  40  3:43  Probe  
  42  3:55  Pylon  
  42  4:02  Adept x4  
  50  4:04  Probe  
  50  4:07  Probe  
  52  4:14  Pylon  
  52  4:23  Adept x4  
  60  4:27  Probe x2  
  62  4:45  Adept x4  
  70  4:47  Pylon  
  70  4:51  Pylon  
Tags
 
Add a new tag
Caveats
  • Supply blocks, unpowered buildings, or Contaminate may cause inaccurate times.
  • Supply counts are checked every 10 seconds.